 Dungeon Crawl Stone Soup version 0.23.2-11-gf996548c65 (webtiles) character file.

Game seed: 14999647076720866748

67 Jolcsuper the Chopper (level 4, -6/58 HPs)
             Began as a Draconian Berserker on June 6, 2019.
             Was a Follower of Trog.
             Mangled by a gnoll sergeant
             ... wielding a +0 spear of venom
              (9 damage)
             ... on level 2 of the Dungeon.
             The game lasted 00:26:09 (2244 turns).

Jolcsuper the Chopper (Draconian Berserker)         Turns: 2244, Time: 00:26:10

Health: -6/58      AC:  6    Str: 26    XL:     4   Next: 0%
Magic:  13/13      EV: 13    Int:  7    God:    Trog [*.....]
Gold:   53         SH:  0    Dex: 10    Spells: 3/3 levels left

rFire    x . .     SeeInvis .   p - +0 morningstar
rCold    + . .     Gourm    .   (no shield)
rNeg     . . .     Faith    .   (armour unavailable)
rPois    .         Spirit   .   (helmet restricted)
rElec    .         Reflect  .   (no cloak)
rCorr    .         Harm     .   j - +0 pair of gloves
MR       .....                  (no boots)
Stlth    ..........             (no amulet)
HPRegen  0.19/turn              h - ring of ice
MPRegen  0.13/turn              i - ring of magical power

@: berserking, lethally poisoned (-6 -> -33), very quick
A: unfitting armour, cold-blooded, AC +5
a: Berserk, Renounce Religion


You were on level 2 of the Dungeon.
You worshipped Trog.
Trog was aware of your devotion.
You were not hungry.

You visited 1 branch of the dungeon, and saw 2 of its levels.

You collected 53 gold pieces.

Inventory:

Hand Weapons
 a - a +0 hand axe
 c - a +0 dagger
 d - a +0 spear
 f - a +0 dagger
 g - a +0 hunting sling
 l - a +0 hunting sling
 p - a +0 morningstar (weapon)
 s - a +0 rapier
Missiles
 k - 71 stones (quivered)
Armour
 j - a +0 pair of gloves (worn)
Jewellery
 h - a ring of ice (left hand)
 i - a ring of magical power (right hand)
Scrolls
 e - a scroll of magic mapping
 o - 2 scrolls of remove curse
Potions
 m - a potion of haste
 n - a potion of mutation {unknown}
Comestibles
 b - 2 rations


   Skills:
 + Level 3.6 Fighting
 + Level 3.6 Axes
 + Level 0.4(2.3) Polearms
 + Level 0.1(0.3) Slings
 + Level 0.6 Throwing
 + Level 3.2 Dodging
 + Level 1.2 Stealth


You had 3 spell levels left.
You didn't know any spells.
Your spell library was empty.

Dungeon Overview and Level Annotations

Branches:
Dungeon (2/15)

Altars:


Innate Abilities, Weirdness & Mutations

Your plain brown scales are hard. (AC +5)
You cannot fit into any form of body armour.
You are cold-blooded and may be slowed by cold attacks.


Message History

The gnoll sergeant hits you from afar with a +0 spear of venom.
* * * LOW HITPOINT WARNING * * *
You are more poisoned.
A goblin comes into view.
* * * LOW HITPOINT WARNING * * *
You feel sick.
The goblin shouts!
The gnoll sergeant hits you with a +0 spear of venom.
* * * LOW HITPOINT WARNING * * *
You are more poisoned.
The bat barely misses you.
Things that are here:
a +0 spear; a gnoll corpse Unknown command.
A red film seems to cover your vision as you go berserk!
You feel yourself moving faster!
You feel mighty!
You feel a lot more hungry.
* * * LOW HITPOINT WARNING * * *
You feel sick. The bat closely misses you. The bat barely misses you.
The gnoll sergeant hits you with a +0 spear of venom!
You die...

#....#........
.g..#........
.........?.
#......... #.g.....#
#...g...# #..gg..$##
#...@...(# #...b....#
#........# #........#
#........#
#......%#### #####
#..........# #...#
####.##....#####...##
#.# ....#...#.....


You could see a gnoll sergeant, 3 gnolls, a goblin and a bat.

Vanquished Creatures
  Terence (D:2)
  A gnoll (D:2)
  A worm (D:2)
  A leopard gecko (D:1)
  5 bats
  3 giant cockroaches (D:1)
  3 hobgoblins
  2 frilled lizards (D:2)
  8 goblins
  2 kobolds
  A rat (D:1)
28 creatures vanquished.

Vanquished Creatures (others)
  A bat (D:2)
1 creature vanquished.

Grand Total: 29 creatures vanquished

Notes
Turn   | Place    | Note
-------+----------+-------------------------------------------
     0 | D:1      | Jolcsuper the Draconian Berserker began the quest for the
                  | Orb.
     0 | D:1      | Reached XP level 1. HP: 19/19 MP: 1/1
   178 | D:1      | Reached XP level 2. HP: 26/26 MP: 2/2
  1321 | D:2      | Reached XP level 3. HP: 29/31 MP: 3/3
  2027 | D:2      | Noticed Terence
  2056 | D:2      | Killed Terence
  2237 | D:2      | Noticed a gnoll sergeant
  2242 | D:2      | Reached skill level 1 in Stealth
  2242 | D:2      | Reached XP level 4. HP: 16/39 MP: 4/4
  2244 | D:2      | Mangled by a gnoll sergeant

Skill      XL: |  1  2  3 |
---------------+----------+-----
Dodging        | 3 |  3.2
Stealth        | 1 |  1.2
Fighting       | |  3.6
Axes           | |  3.6
Polearms       | |  0.4
Slings         | |  0.1
Throwing       | |  0.6

Action                   |  1- 3 |  4- 6 || total
-------------------------+-------+-------++-------
Melee: Spear             |    17 |       ||    17
       Hand axe          |    54 |       ||    54
       Tailslap          |     7 |       ||     7
       Morningstar       |     7 |       ||     7
       Rapier            |     2 |       ||     2
 Fire: Hunting sling     |     3 |       ||     3
Throw: Tomahawk          |    11 |       ||    11
Invok: Berserk           |       |     1 ||     1
  Use: Potion            |     6 |       ||     6
       Scroll            |     4 |       ||     4
  Eat: Ration            |     2 |       ||     2
Armor: Skin              |    39 |     1 ||    40
Dodge: Dodged            |    75 |     3 ||    78
